 Dungeon Crawl Stone Soup version 0.27.1-2-g3b301248ec (webtiles) character file.

Game seed: 570181240722716618

292578 ABBCCCDDDD the Peltast (level 20, -15/143 HPs)
             Began as an Octopode Abyssal Knight on Sept 26, 2021.
             Was the Champion of Lugonu.
             Demolished by a fenstrider witch (29 damage)
             ... while paralysed by a fenstrider witch
             ... on level 4 of the Swamp on Sept 27, 2021.
             The game lasted 02:26:07 (70916 turns).

ABBCCCDDDD the Peltast (Octopode Abyssal Knight)   Turns: 70916, Time: 02:26:07

Health: -15/143    AC:  4    Str: 16    XL:     20   Next: 80%
Magic:  22/34      EV:  2    Int: 31    God:    Lugonu [******]
Gold:   2734       SH:  0    Dex: 21    Spells: 15/39 levels left

rFire    + . .     SeeInvis +   d - +9 demon blade (distort)
rCold    . . .     Faith    .   b - +0 kite shield
rNeg     + . .     Spirit   .   P - +3 hat "Ficzuxke" {Str+3 Int+5 Slay+3 Stlth-}
rPois    +         Reflect  +   U - amulet of reflection
rElec    .         Harm     .   s - ring of see invisible
rCorr    +         Rampage  .   y - +6 ring of intelligence
Will     ++...                  i - ring of wizardry
Stlth    ++++......             r - ring of wizardry
HPRegen  0.33/turn              K - ring "Cadaso Pyumu" {rF+ EV+4 Dex+2}
MPRegen  0.24/turn              Y - +6 ring of dexterity
                                W - ring "Quucyon" {rPois Will+ rCorr Slay+2}
                                B - ring of positive energy

@: paralysed
A: almost no armour, amphibious, 8 rings, camouflage 1, gelatinous body 1,
(nimble swimmer 1), tentacles
}: 2/15 runes: decaying, serpentine
a: Renounce Religion, Depart the Abyss, Bend Space, Banish, Corrupt, Enter the
Abyss


You were on level 4 of the Swamp.
You worshipped Lugonu.
Lugonu was exalted by your worship.
You visited 7 branches of the dungeon, and saw 35 of its levels.
You visited the Abyss 1 time.
You also visited: Sewer, Gauntlet, Ice Cave and Volcano.

You collected 3884 gold pieces.
You spent 1150 gold pieces at shops.

Inventory:

Hand Weapons
 d - a +9 demon blade of distortion (weapon)
Missiles
 M - a silver javelin
 Q - 8 curare-tipped darts (quivered)
Armour
 b - a +0 kite shield (worn)
 P - the +3 hat "Ficzuxke" (worn) {Str+3 Int+5 Slay+3 Stlth-}
   (You found it in a Gauntlet)

   Str:       It affects your strength (+3).
   Int:       It affects your intelligence (+5).
   Slay:      It affects your accuracy & damage with ranged weapons and melee
   (+3).
   Stlth:     It makes you less stealthy.
Jewellery
 a - the ring of Tiwog {+Blink Fly rF+++ MP-9 Str-5}
   (You took it off a salamander mystic on level 4 of the Snake Pit)

   [ring of flight]

   Str:       It affects your strength (-5).
   rF:        It renders you almost immune to fire.
   MP:        It affects your magic capacity (-9).
   Fly:       It grants you flight.
   +Blink:    It lets you blink.
 f - the ring "Pasioc" {Fire Will+}
   (You found it in an ice cave)

   [ring of fire]

   It enhances your fire magic.
   rF:        It protects you from fire.
   rC:        It makes you vulnerable to cold.
   Will:      It increases your willpower.
 i - a ring of wizardry (on tentacle)
 r - a ring of wizardry (on tentacle)
 s - a ring of see invisible (left tentacle)
 t - an amulet of regeneration
 x - the amulet "Exoom" {Acrobat rN+ Dex+3 Stlth+}
   (You took it off an orc on level 7 of the Dungeon)

   [amulet of the acrobat]

   It increases your evasion while moving and waiting.
   Dex:       It affects your dexterity (+3).
   rN:        It protects you from negative energy.
   Stlth:     It makes you more stealthy.
 y - a +6 ring of intelligence (right tentacle)
 A - a ring of magical power
 B - a ring of positive energy (on tentacle)
 I - a ring of flight
 K - the ring "Cadaso Pyumu" (on tentacle) {rF+ EV+4 Dex+2}
   (You found it in a Gauntlet)

   [ring of evasion]

   EV:        It affects your evasion (+4).
   Dex:       It affects your dexterity (+2).
   rF:        It protects you from fire.
 U - an amulet of reflection (around mantle)
 W - the ring "Quucyon" (on tentacle) {rPois Will+ rCorr Slay+2}
   (You acquired it on level 13 of the Dungeon)

   [ring of resist corrosion]

   Slay:      It affects your accuracy & damage with ranged weapons and melee
   (+2).
   rPois:     It protects you from poison.
   rCorr:     It protects you from acid and corrosion.
   Will:      It increases your willpower.
 Y - a +6 ring of dexterity (on tentacle)
Wands
 j - a wand of paralysis (3)
 q - a wand of mindburst (4)
 w - a wand of iceblast (6)
 E - a wand of acid (17)
 F - a wand of charming (6)
 T - a wand of digging (9)
 X - a wand of flame (30)
Scrolls
 l - 12 scrolls of teleportation
 n - 5 scrolls of fog
 u - 2 scrolls of fear
 v - a scroll of blinking
 C - a scroll of holy word
 J - a scroll of magic mapping
 L - a scroll of identify
 O - a scroll of silence
Potions
 c - 9 potions of attraction
 e - 16 potions of curing
 g - 6 potions of heal wounds
 h - 12 potions of lignification
 k - 10 potions of flight
 m - 7 potions of ambrosia
 o - 6 potions of brilliance
 p - 6 potions of might
 z - 3 potions of cancellation
 D - 2 potions of berserk rage
 G - 7 potions of haste
 H - 5 potions of mutation
 N - 2 potions of resistance
 V - 4 potions of invisibility
 Z - 2 potions of magic
Miscellaneous
 R - a box of beasts
 S - a phial of floods (inert)


   Skills:
 + Level 14.2 Fighting
 - Level 14.0 Long Blades
 - Level 7.2 Dodging
 - Level 8.0 Stealth
 - Level 15.0 Shields
 + Level 10.0 Spellcasting
 - Level 8.0 Conjurations
 - Level 4.0 Hexes
 - Level 5.0 Fire Magic
 - Level 12.0 Ice Magic
 + Level 13.0 Earth Magic
 - Level 11.7 Invocations
 - Level 10.0 Evocations


You had 15 spell levels left.
You knew the following spells:

 Your Spells              Type           Power      Damage    Failure   Level
a - Frozen Ramparts       Ice            100%       1d12      1%          3
b - Cause Fear            Hex            20%        N/A       1%          4
c - Ozocubu's Armour      Ice            74%        N/A       1%          3
d - Stone Arrow           Conj/Erth      100%       3d13      1%          3
e - Bolt of Magma         Conj/Fire/Erth 31%        4d14      1%          5
f - Iron Shot             Conj/Erth      34%        9d7       1%          6

Your spell library contained the following spells:

 Spells                   Type           Power      Damage    Failure   Level
 Foxfire                  Conj/Fire      100%       2x1d9     1%          1
 Magic Dart               Conj           100%       1d8       1%          1
 Passwall                 Tmut/Erth      45%        N/A       1%          2
 Searing Ray              Conj           100%       3d7       1%          2
 Static Discharge         Conj/Air       40%        N/A       1%          2
 Conjure Flame            Conj/Fire      54%        6-21      1%          3
 Dazzling Flash           Conj/Hex       100%       N/A       1%          3
 Inner Flame              Hex/Fire       43%        N/A       1%          3
 Portal Projectile        Hex/Tloc       56%        N/A       1%          3
 Fulminant Prism          Conj/Hex       26%        3d14      1%          4
 Hailstorm                Conj/Ice       67%        3d14      1%          4
 Ice Form                 Ice/Tmut       52%        N/A       1%          4
 Summon Ice Beast         Ice/Summ       52%        N/A       1%          4
 Metabolic Englaciation   Hex/Ice        30%        N/A       1%          5
 Gell's Gravitas          Tloc           7%         N/A       2%          3
 Teleport Other           Tloc           15%        N/A       2%          3
 Lightning Bolt           Conj/Air       20%        1d35      4%          5
 Animate Dead             Necr           7%         N/A       9%          4
 Silence                  Hex/Air        14%        N/A       11%         5
 Simulacrum               Ice/Necr       26%        N/A       11%         6
 Agony                    Necr           15%        N/A       22%         5
 Blade Hands              Tmut           7%         N/A       22%         5
 Excruciating Wounds      Necr           7%         N/A       22%         5
 Lehudib's Crystal Spear  Conj/Erth      34%        10d9      54%         8
 Dispersal                Tloc           7%         N/A       73%         6
 Shatter                  Erth           38%        3d30*     97%         9
 Haunt                    Necr/Summ      7%         N/A       99%         7
 Discord                  Hex            20%        N/A       100%        8
 Infestation              Necr           7%         N/A       100%        8
 Maxwell's Capacitive Co  Air            7%         ∞         100%        8
 Animate Armour           Summ/Erth      Unusable   N/A       N/A         4

Dungeon Overview and Level Annotations

Branches:
Dungeon (15/15) Temple (0/1) D:7 Lair (6/6) D:8 Swamp (4/4) Lair:3 Snake (4/4) Lair:2 Slime (0/5) Lair:5 Orc (2/2) D:10 Elf (3/3) Orc:2 Vaults (0/5) D:13 D:14 Depths (1/5) D:15 Sewer (visited) IceCv (visited) Volcano (visited) Gauntlet (visited)

Altars:
Ashenzari
Hepliaklqana
Makhleb
Okawaru
Uskayaw
Wu Jian
Xom
Yredelemnul
Beogh

Shops:
D:1 (   D:4 [   D:6 !   D:10 (   D:11 [   D:14 *   Orc:2 *=[*   Elf:2 :

Annotations:
D:8 exclusion: downstairs
D:9 2 transporters, Zleub's ghost, novice MiFi
D:11 3 runed translucent doors, exclusions: two-headed ogre and vampire, ProzacElf's ghost, journeyman SpAE; Quprauce's ghost, journeyman MiFi; agentgt's ghost, novice CeCK; funkygono's ghost, journeyman GrFE; limozeen581's ghost, journeyman DEWz
Lair:1 exclusions: cane toad and hydra
Swamp:2 1 runed translucent door, Amet's ghost, journeyman MiBe
Swamp:3 Roxanne
Snake:3 exclusion: downstairs
Elf:2 3 runed translucent doors
Abyss:1 Nergalle


Innate Abilities, Weirdness & Mutations

You cannot wear most types of armour.
You are amphibious.
You can wear up to eight rings at the same time.
Your skin changes colour to match your surroundings (Stealth+).
Your rubbery body absorbs attacks. (AC +1, EV +1)
((You are camouflaged near water. (Stealth+)))
You have tentacles for arms and can constrict up to eight enemies at once.


Message History

Casting: Bolt of Magma (mildly dangerous; 1% risk of failure)
Confirm with . or Enter, or press ? or * to list all spells.
Okay, then.
Casting: Bolt of Magma (mildly dangerous; 1% risk of failure)
Confirm with . or Enter, or press ? or * to list all spells.
Aiming: Iron Shot (dangerous; 1% risk of failure)
Press: ? - help, Shift-Dir - straight line, f/p - fenstrider witch
Aim: a fenstrider witch, wielding a +0 halberd and wearing a +0 robe (heavily wounded, 57% to hit)
Okay, then.
Casting: Iron Shot (dangerous; 1% risk of failure)
Confirm with . or Enter, or press ? or * to list all spells.
Aiming: Bolt of Magma (mildly dangerous; 1% risk of failure)
Press: ? - help, Shift-Dir - straight line, f/p - fenstrider witch
Aim: a fenstrider witch, wielding a +0 halberd and wearing a +0 robe (heavily wounded, 53% to hit)
The bolt of magma misses the fenstrider witch.
The fenstrider witch closely misses you.
The fenstrider witch misses you.
Casting: Bolt of Magma (mildly dangerous; 1% risk of failure)
Confirm with . or Enter, or press ? or * to list all spells.
Aiming: Bolt of Magma (mildly dangerous; 1% risk of failure)
Press: ? - help, Shift-Dir - straight line, f/p - fenstrider witch
Aim: a fenstrider witch, wielding a +0 halberd and wearing a +0 robe (heavily wounded, 53% to hit)
The bolt of magma misses the fenstrider witch.
The fenstrider witch hits you from afar with a +0 halberd!!
* * * LOW HITPOINT WARNING * * *
You feel much better.
The fenstrider witch gestures at you while chanting.
You suddenly lose the ability to move!
The fenstrider witch hits you from afar with a +0 halberd!
* * * LOW HITPOINT WARNING * * *
The fenstrider witch gestures at you while chanting.
You resist with almost no effort. The fenstrider witch barely misses you.
The fenstrider witch hits you from afar with a +0 halberd!
* * * LOW HITPOINT WARNING * * *
The fenstrider witch hits you from afar with a +0 halberd.
* * * LOW HITPOINT WARNING * * *
The fenstrider witch hits you from afar with a +0 halberd.
* * * LOW HITPOINT WARNING * * *
The fenstrider witch hits you from afar with a +0 halberd!!
You die...

##.....≈.......≈..≈≈....♣
.≈..#..≈≈≈§..≈..≈..≈.≈..♣
..≈.#....≈..≈...≈≈≈.≈...♣
...≈#.......≈..≈..≈...≈.♣
....#.§.....≈..≈≈..≈≈.≈♣♣
...#..≈≈..≈≈≈.≈.........♣
#.##≈.≈..≈≈...≈≈....≈...♣
..≈.≈≈≈≈§.≈..≈./..≈..≈.≈♣
...#≈...≈§.≈≈.H≈@...≈≈.♣♣
§.........≈≈.≈....≈≈≈.≈♣♣
..≈.....≈.≈≈...≈...[≈≈..♣
..≈.....≈....≈...≈≈.....♣
P.≈#..........≈≈≈≈≈.§..♣♣
.......≈...≈≈...≈......♣♣
.8.#≈..≈≈.≈≈.........≈..♣
≈≈.#≈...≈.≈≈...≈≈.≈≈.≈.♣♣
####≈≈......≈...≈....≈..♣


You could see a fenstrider witch.

Levels and vault maps discovered:
D:1:      giann_wishing_wells, layout_basic, serial_shops,
          nicolae_shop_waterfront, shapermc_ecumenical_altar_mp_urbaneastern,
          minmay_indecisive_spiral
D:2:      layout_basic, minmay_tetromino_t4
D:3:      layout_basic, uniq_grinder
D:4:      layout_basic, kennysheep_mini, serial_shops, shop_statue,
          gup_sewer_entry_spiral, kennysheep_generic_room_13
D:5:      layout_loops_ring, mainiacjoe_overflow_paths,
          ebering_ghost_disaster_area
D:6:      minmay_chambers_of_fours, layout_basic, kennysheep_windowed_goal
D:7:      minmay_inner_zag, layout_basic,
          grunt_temple_overflow_champion_of_chaos,
          minmay_temple_entry_sparse_star
D:8:      layout_rooms, lemuel_crystal_altar, due_lair_maze_entry_diamond,
          kennysheep_generic_room_11
D:9:      layout_long_grid, nicolae_hepliaklqana_monster_ancestors,
          gammafunk_ghost_berserking_beasts, uniq_joseph
D:10:     layout_basic, pdpol_wu_jian_five_deadly_venoms, orc_david_3,
          minmay_lizard_king
D:11:     layout_long_grid, serial_shops, nicolae_shop_behind_doors,
          gammafunk_ghost_cemetery, eat_drink_and_be_merry_uskayaw
D:12:     minmay_the_grid_triangle_9x9_line_8_mashed
          [minmay_the_grid_triangle_9x9_intruding_spiral,
          minmay_the_grid_triangle_9x9_semitri,
          minmay_the_grid_triangle_9x9_zippers_vertical,
          minmay_the_grid_triangle_9x9_alien,
          minmay_the_grid_triangle_9x9_swiss_cheese,
          minmay_the_grid_triangle_9x9_negative_grid,
          minmay_the_grid_triangle_9x9_cache,
          minmay_the_grid_triangle_9x9_prize_schism], layout_loops_corners
D:13:     layout_layer_cave
D:14:     minmay_box_of_statues, layout_irregular_city, david_vaults_3,
          eino_curves_01, guppyfry_shop_earth, uniq_azrael
D:15:     gammafunk_depths_entry_grave, layout_small_grid,
          hangedman_abyss_or_decor_stagger
Lair:1:   layout_cellular_growth
Lair:2:   layout_layer_cave, guppyfry_snake_entry_island,
          minmay_stone_trees_small
Lair:3:   layout_cellular_growth, minmay_swamp_entry_reptiles, uniq_nergalle,
          uniq_sonja
Lair:4:   layout_cave_shapes, gauntlet_entry_generic, beast_lair_carwin_1
Lair:5:   layout_small_grid, minmay_slime_entry_pillars, uniq_josephine,
          uniq_urug
Lair:6:   cheibrodos_lair_end_hotspot, layout_gridlike,
          nicolae_volcano_entry_hallway
Swamp:1:  layout_basic_swamp, hangedman_swamp_diagram, swamp_pool2,
          nicolae_swamp_rocky_clearing
Swamp:2:  nicolae_swamp_flooded_prison, layout_basic_swamp,
          gammafunk_ghost_grave, hangedman_swamp_lotus
Swamp:3:  layout_basic_swamp, serial_swamp_ruin, evilmike_swamp_ruin_house_2,
          evilmike_swamp_ruin_house_6, evilmike_swamp_ruin_rubble_2,
          swamp_pool1, st_swamp_ruins_2, infiniplex_staircase_pool, uniq_roxanne
Swamp:4:  grunt_swamp_rune_castle, layout_basic_swamp
Snake:1:  layout_misc_corridors, grunt_megastairs_4
Snake:2:  layout_misc_corridors
Snake:3:  nicolae_cobra_stairs, layout_honeycomb, portal_ice_cave_entry_dragon
Snake:4:  minmay_snake_end_coiled, layout_chambers,
          nicolae_snake_salamander_zone, lemuel_fruit_tree
Orc:1:    layout_diamond_mine, nicolae_orc_bridge_out
Orc:2:    st_orc_town, layout_diamond_mine
Elf:1:    layout_gridlike, hangedman_corner_corridor, abandoned_shop,
          nicolae_elf_variegated_diamond, grunt_megastairs_1
Elf:2:    nicolae_elf_blades_crystal_corner, layout_loops_corners, serial_shops,
          shop
Elf:3:    elf_hall, layout_loops_cross
Depths:1: layout_gridlike, grunt_mini_vestibule, grunt_decor_resistance,
          minmay_misc_feat_four_crosses, minmay_crystal_box

Notes
Turn   | Place    | Note
-------+----------+-------------------------------------------
     0 | Abyss:1  | ABBCCCDDDD the Octopode Abyssal Knight began the quest for
                  | the Orb.
     0 | Abyss:1  | Reached XP level 1. HP: 16/16 MP: 2/2
    30 | Abyss:2  | Noticed a glowing orange brain
   291 | Abyss:3  | Killed a jelly
  1241 | Abyss:3  | Killed a large abomination
  1266 | Abyss:3  | Killed a small abomination
  1701 | Abyss:3  | Killed a large abomination
  2066 | Abyss:3  | Killed a small abomination
  2069 | Abyss:3  | Killed a chaos spawn
  2106 | Abyss:3  | Noticed a spatial maelstrom
  2106 | Abyss:3  | Noticed a worldbinder
  2106 | Abyss:3  | Noticed a spatial vortex
  2106 | Abyss:3  | Noticed a wretched star
  2106 | Abyss:3  | Noticed a soul eater
  2107 | Abyss:3  | Noticed a spatial vortex
  2107 | Abyss:3  | Noticed a starcursed mass
  2107 | D:1      | Escaped the Abyss
  2561 | D:1      | Reached XP level 2. HP: 21/21 MP: 3/3
  2846 | D:1      | Found Lomiozee's Antique Weapon Boutique.
  2997 | D:1      | Found a faded altar of an unknown god.
  3394 | D:2      | Reached skill level 1 in Shields
  3853 | D:2      | Reached XP level 3. HP: 11/26 MP: 4/4
  4359 | D:3      | Reached XP level 4. HP: 18/32 MP: 5/5
  5129 | D:3      | Reached XP level 5. HP: 31/37 MP: 6/6
  5131 | D:3      | Reached skill level 2 in Shields
  5359 | D:3      | Noticed Grinder
  5447 | D:4      | Found Syppeut's Antique Armour Emporium.
  5468 | D:4      | Bought a buckler for 135 gold pieces
  5511 | D:4      | Reached * piety under Lugonu
  5938 | D:4      | Found a glowing drain.
  5942 | Sewer    | Entered a sewer
  6336 | Sewer    | Reached skill level 1 in Evocations
  6336 | Sewer    | Reached XP level 6. HP: 43/43 MP: 7/7
  6433 | D:4      | Found a basalt altar of Yredelemnul.
  6635 | D:5      | Entered Level 5 of the Dungeon
  6695 | D:5      | Reached skill level 5 in Long Blades
  6695 | D:5      | Reached skill level 3 in Shields
  6695 | D:5      | Reached XP level 7. HP: 49/49 MP: 8/8
  6698 | D:5      | Reached ** piety under Lugonu
  6736 | D:5      | Found a broken altar of Ashenzari.
  7743 | D:5      | Noticed Steelgonads's ghost (amateur DsWr)
  7745 | D:5      | Found a large runed translucent door.
  7745 | D:5      | Found a large runed translucent door.
  8107 | D:6      | Reached skill level 5 in Fighting
  8107 | D:6      | Reached XP level 8. HP: 51/55 MP: 9/9
  8595 | D:6      | Reached skill level 4 in Shields
  9258 | D:6      | Found Hifelituxo's Distillery.
  9266 | D:6      | Bought a potion of lignification for 42 gold pieces
 10581 | D:7      | Found a shimmering altar of Xom.
 10581 | D:7      | Found a burning altar of Makhleb.
 11227 | D:7      | Reached XP level 9. HP: 62/62 MP: 10/10
 11360 | D:7      | Reached *** piety under Lugonu
 11361 | D:7      | Reached skill level 5 in Evocations
 11469 | D:8      | Identified the +2 whip "Tosoenis" {vorpal, rC+ rN+ Str-4
                  | Dex+5}
 11639 | D:8      | Noticed a troll
 11646 | D:8      | Killed a troll
 11709 | D:7      | Found a staircase to the Ecumenical Temple.
 11822 | D:7      | Identified the amulet "Exoom" {Acrobat rN+ Dex+3 Stlth+}
 11847 | D:7      | Reached skill level 10 in Long Blades
 12079 | D:7      | Reached XP level 10. HP: 52/72 MP: 11/11
 12168 | D:7      | Learned a level 3 spell: Frozen Ramparts
 12518 | D:8      | Reached skill level 1 in Ice Magic
 12588 | D:8      | Reached skill level 1 in Spellcasting
 12778 | D:8      | Found a staircase to the Lair.
 12972 | D:8      | Found an iron altar of Okawaru.
 13082 | D:9      | Found a transporter.
 13082 | D:9      | Noticed a moth of wrath
 13082 | D:9      | Noticed Zleub's ghost (novice MiFi)
 13108 | D:9      | Found a transporter.
 13210 | D:9      | Found a hazy altar of Hepliaklqana.
 13735 | D:9      | Noticed a kobold demonologist
 13742 | D:9      | Killed a kobold demonologist
 13748 | D:9      | Reached **** piety under Lugonu
 13767 | D:9      | Noticed Joseph
 13959 | D:10     | Entered Level 10 of the Dungeon
 14103 | D:10     | Noticed an unseen horror
 14110 | D:10     | Killed an unseen horror
 14272 | D:10     | Found a staircase to the Orcish Mines.
 14273 | D:10     | Found Bikkun's Weapon Boutique.
 14593 | Lair:1   | Entered Level 1 of the Lair of Beasts
 14718 | Lair:1   | Noticed a cane toad
 14794 | Lair:1   | Noticed an eight-headed hydra
 14815 | Lair:1   | Noticed a black mamba
 14822 | Lair:1   | Killed a black mamba
 14823 | Lair:1   | Reached skill level 5 in Ice Magic
 14823 | Lair:1   | Reached skill level 1 in Stealth
 14956 | Lair:1   | Noticed a black mamba
 14962 | Lair:1   | Killed a black mamba
 14963 | Lair:1   | Reached XP level 11. HP: 64/77 MP: 11/15
 16264 | D:10     | Reached ***** piety under Lugonu
 16276 | D:10     | Reached skill level 5 in Stealth
 16590 | D:10     | Found an ornate altar of the Wu Jian Council.
 16947 | D:11     | Found a runed translucent gate.
 16947 | D:11     | Found a runed translucent gate.
 16947 | D:11     | Found a runed translucent gate.
 17084 | D:11     | Noticed a two-headed ogre
 17140 | D:11     | Reached skill level 5 in Invocations
 17324 | D:11     | Noticed ProzacElf's ghost (journeyman SpAE)
 17324 | D:11     | Noticed Quprauce's ghost (journeyman MiFi)
 17325 | D:11     | Noticed agentgt's ghost (novice CeCK)
 17325 | D:11     | Noticed limozeen581's ghost (journeyman DEWz)
 17326 | D:11     | Noticed funkygono's ghost (journeyman GrFE)
 17620 | D:11     | Found Jugiboot's Armour Emporium.
 17930 | D:11     | Found a hide-covered altar of Uskayaw.
 18217 | D:12     | Noticed a cyclops
 18396 | D:12     | Noticed a two-headed ogre
 18510 | D:12     | Identified the +1 dagger "Wonaesoy" {flame, rPois MP+9
                  | Str+3}
 20000 | Lair:2   | Reached XP level 12. HP: 87/87 MP: 14/18
 20004 | Lair:2   | Reached skill level 10 in Fighting
 20221 | Lair:2   | Noticed a seven-headed hydra
 20403 | Lair:2   | Learned a level 4 spell: Cause Fear
 21044 | Lair:2   | Reached skill level 1 in Hexes
 21085 | Lair:2   | Found a staircase to the Snake Pit.
 22143 | Lair:3   | Noticed Sonja
 22153 | Lair:3   | Killed Sonja
 22720 | Lair:3   | Found a staircase to the Swamp.
 22726 | Lair:3   | Noticed an eight-headed hydra
 22754 | Lair:3   | Banished an eight-headed hydra
 22795 | Lair:3   | Noticed Nergalle
 22796 | Lair:3   | Banished Nergalle
 23760 | Lair:4   | Noticed an eight-headed hydra
 23816 | Lair:4   | Found a gate leading to a gauntlet.
 23861 | Gauntlet | Entered a Gauntlet
 23861 | Gauntlet | Found a transporter.
 23870 | Gauntlet | Found a transporter.
 23872 | Gauntlet | Found a transporter.
 23874 | Gauntlet | Found a transporter.
 23893 | Gauntlet | Found a transporter.
 23907 | Gauntlet | Found a transporter.
 23911 | Gauntlet | Found a large runed translucent door.
 23911 | Gauntlet | Found a large runed translucent door.
 23913 | Gauntlet | Found a large runed translucent door.
 23913 | Gauntlet | Found a large runed translucent door.
 23913 | Gauntlet | Found a large runed translucent door.
 23914 | Gauntlet | Found a runed translucent door.
 23915 | Gauntlet | Found a transporter.
 23916 | Gauntlet | Found a runed translucent door.
 23917 | Gauntlet | Found a large runed translucent door.
 23917 | Gauntlet | Found a large runed translucent door.
 23917 | Gauntlet | Found a large runed translucent door.
 23918 | Gauntlet | Found a large runed translucent door.
 23919 | Gauntlet | Found a large runed translucent door.
 23926 | Gauntlet | Found a large runed translucent door.
 23926 | Gauntlet | Found a large runed translucent door.
 23927 | Gauntlet | Found a large runed translucent door.
 23927 | Gauntlet | Found a large runed translucent door.
 23927 | Gauntlet | Found a large runed translucent door.
 23929 | Gauntlet | Found a runed translucent gate.
 23929 | Gauntlet | Found a runed translucent gate.
 23929 | Gauntlet | Found a runed translucent gate.
 23930 | Gauntlet | Noticed a catoblepas
 23931 | Gauntlet | Found a transporter.
 23943 | Gauntlet | Found a large runed translucent door.
 23951 | Gauntlet | Found a transporter.
 23952 | Gauntlet | Noticed a green death
 23963 | Gauntlet | Found a transporter.
 23975 | Gauntlet | Found a transporter.
 23983 | Gauntlet | Noticed a green death
 23987 | Gauntlet | Found a transporter.
 23999 | Gauntlet | Found a transporter.
 24004 | Gauntlet | Found a transporter.
 24008 | Gauntlet | Found a transporter.
 24057 | Gauntlet | Found a transporter.
 24098 | Gauntlet | Found a transporter.
 24100 | Gauntlet | Found a transporter.
 24183 | Gauntlet | Got the Catalogue of the Rocks
 24367 | Gauntlet | Identified the ring "Cadaso Pyumu" {rF+ EV+4 Dex+2}
 24455 | Gauntlet | Identified the +3 hat "Ficzuxke" {Str+3 Int+5 Slay+3
                  | Stlth-}
 24503 | Gauntlet | Noticed a minotaur
 24512 | Gauntlet | Banished a minotaur
 24561 | Lair:4   | Reached XP level 13. HP: 77/92 MP: 13/19
 24633 | Lair:4   | You fall into a shaft and drop 2 floors!
 24633 | Lair:6   | Entered Level 6 of the Lair of Beasts
 24863 | Lair:6   | Learned a level 3 spell: Ozocubu's Armour
 24964 | Lair:6   | Found a dark tunnel.
 25002 | Volcano  | Entered a volcano
 25219 | Volcano  | Found a radiant altar of Vehumet.
 25436 | Volcano  | Noticed a red draconian
 25450 | Volcano  | Killed a red draconian
 25682 | Volcano  | Reached skill level 5 in Shields
 26581 | Lair:6   | Noticed a fire dragon
 26842 | Lair:6   | Found a large runed translucent door.
 26844 | Lair:6   | Found a large runed translucent door.
 26911 | Lair:6   | Reached XP level 14. HP: 99/99 MP: 20/20
 27034 | Lair:6   | Reached skill level 6 in Shields
 27295 | Lair:5   | Reached ****** piety under Lugonu
 27383 | Lair:5   | Learned a level 3 spell: Stone Arrow
 27423 | Lair:5   | Noticed Urug
 27431 | Lair:5   | Killed Urug
 27475 | Lair:5   | Noticed Josephine
 27508 | Lair:5   | Reached skill level 1 in Conjurations
 27512 | Lair:5   | Killed Josephine
 27513 | Lair:5   | Reached skill level 1 in Earth Magic
 27949 | Lair:5   | Found a staircase to the Slime Pits.
 30211 | D:3      | Killed Grinder
 30473 | D:5      | Killed Steelgonads's ghost
 30797 | D:9      | Killed Joseph
 30798 | D:9      | Reached skill level 10 in Evocations
 31242 | Orc:1    | Entered Level 1 of the Orcish Mines
 31350 | Orc:1    | Reached skill level 7 in Shields
 31858 | Orc:2    | Entered Level 2 of the Orcish Mines
 32122 | Orc:2    | Found a staircase to the Elven Halls.
 32148 | Orc:2    | Noticed an orc warlord
 32153 | Orc:2    | Noticed an orc warlord
 32169 | Orc:1    | Killed an orc warlord
 32795 | Orc:2    | Paralysed by an orc sorcerer for 3 turns
 32831 | Orc:2    | Found Hediapn's Assorted Antiques.
 32831 | Orc:2    | Found Tolo Voi's Antique Armour Shoppe.
 33136 | Orc:2    | Bought a murky orange potion for 20 gold pieces
 33136 | Orc:2    | Bought a murky orange potion for 20 gold pieces
 33136 | Orc:2    | Bought a murky orange potion for 20 gold pieces
 33136 | Orc:2    | Bought a bound brass amulet for 115 gold pieces
 33136 | Orc:2    | Identified the amulet of Tomorrow {Acrobat +Blink Str+4
                  | Stlth+} (You bought it in a shop on level 2 of the Orcish
                  | Mines)
 33136 | Orc:2    | Bought a black potion for 20 gold pieces
 33202 | Orc:2    | Reached skill level 5 in Spellcasting
 33209 | Orc:2    | Reached XP level 15. HP: 103/103 MP: 16/22
 33234 | Orc:2    | Found Xadov's Jewellery Boutique.
 33234 | Orc:2    | Found Secvis's Assorted Antiques.
 33249 | Orc:2    | Bought a scroll labelled GAK VAFUSURI for 23 gold pieces
 33249 | Orc:2    | Bought a gilded ring for 115 gold pieces
 33249 | Orc:2    | Bought a dark potion for 20 gold pieces
 33249 | Orc:2    | Bought a dark potion for 20 gold pieces
 33428 | Orc:1    | Reached skill level 8 in Shields
 33967 | Orc:2    | Killed an orc warlord
 33968 | Orc:2    | Reached skill level 5 in Earth Magic
 35047 | D:12     | Reached skill level 9 in Shields
 36385 | D:13     | Acquired the ring "Quucyon" {rPois Will+ rCorr Slay+2}
 37696 | D:14     | Noticed Azrael
 37710 | D:14     | Noticed Nessos
 37710 | D:14     | Found a gate to the Vaults.
 37984 | Snake:1  | Entered Level 1 of the Snake Pit
 38033 | Snake:1  | Reached skill level 10 in Shields
 39022 | Lair:4   | Identified a +9 demon blade of distortion (a +8 demon blade
                  | of freezing corrupted by Lugonu)
 39022 | Lair:4   | Received a gift from Lugonu
 39200 | Lair:6   | Identified the +10 hand axe of Doubt {flame, +Blink rCorr
                  | Int+5 Dex-5}
 39713 | Elf:1    | Entered Level 1 of the Elven Halls
 39978 | Elf:1    | Reached XP level 16. HP: 84/111 MP: 16/23
 40394 | Elf:1    | Reached skill level 11 in Shields
 41018 | Elf:1    | Reached skill level 10 in Ice Magic
 42108 | Elf:2    | Found a runed translucent gate.
 42109 | Elf:2    | Found a runed translucent gate.
 42109 | Elf:2    | Found a runed translucent gate.
 42178 | Elf:2    | Reached skill level 12 in Shields
 42588 | Elf:2    | Found Xeigedu's Book Emporium.
 43470 | Elf:2    | Reached XP level 17. HP: 119/119 MP: 24/24
 44090 | Elf:3    | Entered Level 3 of the Elven Halls
 44493 | D:13     | Reached skill level 13 in Shields
 44692 | D:13     | Killed Azrael
 44742 | D:15     | Entered Level 15 of the Dungeon
 45208 | D:15     | Found a staircase to the Depths.
 45913 | D:15     | Reached skill level 14 in Shields
 46046 | Depths:1 | Entered Level 1 of the Depths
 46196 | D:14     | Killed Nessos
 47563 | D:14     | Reached skill level 5 in Conjurations
 48116 | D:14     | Found Ipirapt's Pet Rocks.
 48178 | D:14     | You fall into a shaft and drop 1 floor!
 48490 | D:14     | Bought a book of the Earth for 600 gold pieces
 48496 | D:14     | Learned a level 5 spell: Bolt of Magma
 48763 | Swamp:1  | Entered Level 1 of the Swamp
 49008 | Swamp:1  | Reached skill level 1 in Fire Magic
 49092 | Swamp:1  | Reached XP level 18. HP: 125/126 MP: 27/27
 52791 | Snake:3  | Found a frozen archway.
 52805 | Snake:3  | Reached skill level 15 in Shields
 52984 | IceCv    | Entered an ice cave
 55072 | IceCv    | Noticed a golden dragon
 55199 | IceCv    | Killed a golden dragon
 55443 | IceCv    | Identified the ring "Pasioc" {Fire Will+}
 55447 | IceCv    | Identified the ring "Cashimm" {rPois rF+ rCorr Str+3
                  | Slay-2}
 56251 | Snake:3  | Reached skill level 5 in Fire Magic
 57212 | Snake:3  | Reached skill level 10 in Earth Magic
 57212 | Snake:3  | Reached skill level 10 in Invocations
 57590 | Snake:3  | Reached XP level 19. HP: 95/131 MP: 31/31
 58211 | Snake:4  | Entered Level 4 of the Snake Pit
 58264 | Snake:3  | Learned a level 6 spell: Iron Shot
 59203 | Snake:4  | Identified the ring of Tiwog {+Blink Fly rF+++ MP-9 Str-5}
 59234 | Snake:3  | Reached skill level 5 in Dodging
 62907 | Snake:4  | Got a serpentine rune of Zot
 64422 | Swamp:2  | Paralysed by a fenstrider witch for 3 turns
 64986 | Swamp:2  | Found a runed translucent door.
 64986 | Swamp:2  | Noticed Amet's ghost (journeyman MiBe)
 65367 | Swamp:2  | Reached XP level 20. HP: 140/140 MP: 22/32
 65411 | Swamp:2  | Found the +3 salamander hide armour {Flames rF++ rC--}
 65968 | Swamp:3  | Paralysed by a fenstrider witch for 4 turns
 66130 | Swamp:3  | Identified Roxanne's Catalogue of Stones
 66130 | Swamp:3  | Noticed Roxanne
 68168 | Swamp:4  | Entered Level 4 of the Swamp
 69002 | Swamp:4  | Noticed the 27-headed Lernaean hydra
 69889 | Swamp:4  | Killed the 27-headed Lernaean hydra
 70475 | Swamp:4  | Got a decaying rune of Zot
 70563 | Swamp:4  | Reached skill level 10 in Spellcasting
 70902 | Swamp:4  | Paralysed by a fenstrider witch for 7 turns
 70911 | Swamp:4  | Paralysed by a fenstrider witch for 6 turns
 70916 | Swamp:4  | Demolished by a fenstrider witch

Table legend: (Time is in decaauts)
 A = Elapsed time spent in this place.
 B = Non-inter-level travel time spent in this place.
 C = Inter-level travel time spent in this place.
 D = Time resting spent in this place.
 E = Time spent auto-exploring this place.
 F = Levels seen in this place.
 G = Mean time per level.
                   A        B        C        D        E       F      G
               +--------+--------+--------+--------+--------+-----+--------+
         Total |  70233 |  66279 |   3954 |  26859 |  25447 |  42 | 1672.2 |
       Dungeon |  24449 |  22435 |   2014 |   6371 |  10644 |  15 | 1629.9 |
          Lair |  11629 |  10665 |    964 |   3621 |   5020 |   6 | 1938.2 |
         Swamp |   8870 |   8706 |    164 |   4803 |   2461 |   4 | 2217.5 |
     Snake Pit |  11112 |  10853 |    259 |   4669 |   3888 |   4 | 2778.0 |
  Orcish Mines |   3004 |   2685 |    319 |    751 |   1359 |   2 | 1502.0 |
   Elven Halls |   4562 |   4334 |    228 |   2167 |   1465 |   3 | 1520.7 |
        Depths |     99 |     94 |      5 |      0 |     58 |   1 |   99.0 |
         Abyss |   2106 |   2106 |      0 |   2047 |      6 |   3 |  702.0 |
         Sewer |    416 |    416 |      0 |     99 |    172 |   1 |  416.0 |
      Ice Cave |   2611 |   2611 |      0 |   1728 |    374 |   1 | 2611.0 |
       Volcano |    708 |    708 |      0 |    432 |      0 |   1 |  708.0 |
      Gauntlet |    665 |    665 |      0 |    170 |      0 |   1 |  665.0 |
               +--------+--------+--------+--------+--------+-----+--------+

Top non-repeatable levels by time:
 Snake:4: 4528 daAuts
 Snake:3: 3128 daAuts
    D:12: 2779 daAuts
 Swamp:4: 2721 daAuts
   IceCv: 2611 daAuts
   Elf:1: 2513 daAuts
     D:6: 2489 daAuts
  Lair:2: 2412 daAuts
  Lair:6: 2318 daAuts
 Swamp:3: 2216 daAuts
 Snake:1: 2195 daAuts
 Abyss:3: 2054 daAuts
 Swamp:2: 2051 daAuts
  Lair:1: 1990 daAuts
   Elf:2: 1963 daAuts

Table legend:
 A = Kills in this place as a percentage of kills in entire the game.
 B = Kills by you in this place as a percentage of kills by you in the entire game.
 C = Kills by friends in this place as a percentage of kills by friends in the entire game.
 D = Other kills in this place as a percentage of other kills in the entire game.
 E = Experience gained in this place as a percentage of experience gained in the entire game.
 F = Experience gained in this place divided by the number of levels of this place that you have seen.
                   A       B       C       D       E      F
               +-------+-------+-------+-------+-------+----------------------
         Total | 100.0 | 100.0 | 100.0 | 100.0 | 100.0 | 11284.4
       Dungeon |  32.9 |  33.5 |  45.5 |  15.4 |  17.4 | 5491.7
          Lair |  14.2 |  14.6 |   0.0 |   7.7 |  11.6 | 9132.5
         Swamp |  11.9 |  11.1 |   9.1 |  32.7 |  22.3 | 26393.0
     Snake Pit |  18.1 |  17.5 |  18.2 |  32.7 |  26.1 | 30910.8
  Orcish Mines |   9.6 |  10.0 |   0.0 |   1.9 |   3.8 | 8944.0
   Elven Halls |   8.1 |   8.1 |  18.2 |   7.7 |  14.5 | 22962.0
        Depths |   0.2 |   0.2 |   0.0 |   0.0 |   0.3 | 1195.0
         Sewer |   1.7 |   1.7 |   0.0 |   0.0 |   0.0 | 225.0
      Ice Cave |   2.1 |   2.2 |   9.1 |   0.0 |   2.8 | 13504.0
       Volcano |   0.9 |   1.0 |   0.0 |   0.0 |   0.9 | 4350.0
      Gauntlet |   0.2 |   0.2 |   0.0 |   1.9 |   0.3 | 1511.0
               +-------+-------+-------+-------+-------+----------------------

Action                   |  1- 3 |  4- 6 |  7- 9 | 10-12 | 13-15 | 16-18 | 19-21 || total
-------------------------+-------+-------+-------+-------+-------+-------+-------++-------
Melee: Falchion          |    19 |       |       |       |       |       |       ||    19
       Constrict         |     9 |    24 |    34 |    64 |   111 |   110 |    64 ||   416
       Demon blade       |    25 |    98 |   167 |   385 |   676 |   679 |   386 ||  2416
       Tentacles         |     6 |    15 |    39 |   104 |   220 |   243 |   106 ||   733
       Scimitar          |       |       |       |       |     5 |       |       ||     5
Throw: Dart              |       |       |       |    12 |    36 |    50 |    16 ||   114
       Javelin           |       |       |       |       |       |       |    16 ||    16
       Throwing net      |       |       |       |       |       |       |     1 ||     1
 Cast: Frozen Ramparts   |       |       |       |    46 |    92 |    82 |    26 ||   246
       Ozocubu's Armour  |       |       |       |       |   115 |   125 |    83 ||   323
       Stone Arrow       |       |       |       |       |    17 |    70 |   142 ||   229
       Cause Fear        |       |       |       |       |     1 |     1 |       ||     2
       Bolt of Magma     |       |       |       |       |       |    19 |   145 ||   164
       Iron Shot         |       |       |       |       |       |       |     7 ||     7
Invok: Depart the Abyss  |     1 |       |       |       |       |       |       ||     1
       Banish            |       |       |       |     3 |     1 |     3 |     2 ||     9
       Brand Weapon With |       |       |       |       |     1 |       |       ||     1
Evoke: Wand              |       |     4 |    21 |     9 |    18 |    41 |    21 ||   114
       Phial of floods   |       |       |       |       |     1 |     3 |     1 ||     5
       Box of beasts     |       |       |       |       |       |     5 |     1 ||     6
  Use: Potion            |     1 |     1 |     1 |       |       |    10 |     2 ||    15
       Scroll            |       |     7 |     5 |    11 |     8 |     9 |     5 ||    45
 Stab: Sleeping          |     2 |     5 |     5 |    14 |    17 |    23 |     7 ||    73
       Paralysed         |       |     3 |     8 |     1 |     7 |     3 |     1 ||    23
       Distracted        |       |       |     1 |       |     6 |     4 |     2 ||    13
Armor: Skin              |     3 |    11 |     3 |     9 |    63 |    53 |    42 ||   184
Dodge: Dodged            |    25 |    44 |    70 |   154 |   273 |   341 |   196 ||  1103
Block: Kite shield       |    10 |     1 |       |       |       |   288 |   331 ||   630
       Buckler           |       |     7 |    21 |    66 |    91 |    68 |       ||   253
       Reflection        |       |       |       |     5 |     5 |    52 |    57 ||   119
       Rpst.: Falchion   |     5 |       |       |       |       |       |       ||     5
       Demon blade       |     3 |    13 |    21 |    34 |    54 |    49 |    25 ||   199

Vanquished Creatures
  the Lernaean hydra (Swamp:4)
  A golden dragon (IceCv)
  2 thorn hunters (Swamp:3)
  3 fenstrider witches
  5 nagarajas
  4 deep elf sorcerers
  Nessos (D:14)
  2 ghouls (Swamp:2)
  2 orc warlords
  A red draconian (Volcano)
  2 bunyips (Swamp:1)
  A minotaur (shapeshifter) (D:13)
  Azrael (D:13)
  A deep elf annihilator (Elf:2)
  A deep elf death mage (Elf:1)
  A fire dragon (Lair:6)
  Josephine (Lair:5)
  3 eleionomae
  A shambling mangrove (Swamp:4)
  A rakshasa (D:14)
  4 salamander tyrants (Snake:4)
  5 ice dragons
  18 hydras
  16 naga warriors
  4 boulder beetles
  2 anacondas
  4 ghost crabs
  5 centaur warriors
  16 dancing weapons
  10 alligators
  5 tengu warriors
  3 two-headed ogres
  14 naga sharpshooters
  4 death yaks
  Urug (Lair:5)
  Sonja (Lair:3)
  4 shock serpents
  A storm dragon zombie (D:15)
  13 deep elf knights
  6 salamander mystics
  9 skeletal warriors
  2 goliath frogs
  5 spriggan druids
  6 naga ritualists (Snake:4)
  11 swamp dragons
  14 deep elf archers
  17 bog bodies
  11 deep elf pyromancers
  A lindwurm (Lair:6)
  24 deep elf zephyrmancers
  A phantasmal warrior (D:15)
  7 ugly things
  A necromancer (D:15)
  2 manticores (D:13)
  5 will-o-the-wisps
  4 orc knights
  A mana viper (shapeshifter) (D:12)
  A wolf spider (D:12)
  10 mana vipers
  An orb spider (shapeshifter) (D:12)
  13 orc sorcerers
  4 spectral spriggans (Swamp:2)
  A manticore (shapeshifter) (D:15)
  A shining eye (shapeshifter) (Elf:2)
  6 cyclopes
  10 elephants
  29 salamanders
  5 guardian serpents
  5 molten gargoyles
  15 naga magi
  13 cane toads
  A black mamba (shapeshifter) (Elf:1)
  A torpor snail (Lair:5)
  52 black mambas
  4 gargoyles
  4 storm dragon simulacra (IceCv)
  A cane toad (shapeshifter) (D:14)
  Joseph (D:9)
  4 efreet
  2 rime drakes
  15 komodo dragons
  2 unseen horrors
  A kobold demonologist (D:9)
  2 yaktaurs (Volcano)
  3 freezing wraiths
  A meliai (D:12)
  A tengu conjurer (Depths:1)
  6 golden dragon simulacra (IceCv)
  6 trolls
  2 bloated husks
  4 polar bears
  6 tyrant leeches
  8 hornets
  A wind drake (shapeshifter) (D:14)
  Grinder (D:3)
  A fire dragon zombie (D:15)
  An ice dragon zombie (D:15)
  25 slime creatures
  2 dream sheep (Lair:5)
  16 blink frogs
  A shadow (D:12)
  9 spriggans
  A centaur simulacrum (D:14)
  An air elemental (Elf:1)
  6 wraiths
  8 wyverns
  8 basilisks
  A vampire (D:14)
  A water elemental (Elf:3)
  26 yaks
  9 fire elementals
  14 humans
  A fire bat (Volcano)
  4 steam dragons
  4 vampire mosquitoes
  8 wargs
  56 nagas
  12 swamp worms
  4 acid dragons
  7 hell hounds
  22 orc warriors
  19 water moccasins
  A human skeleton (D:15)
  10 swamp drakes
  2 ice beasts
  3 black bears
  2 sky beasts
  A hornet zombie (D:8)
  A necrophage (D:6)
  6 ogres
  8 ice dragon simulacra (IceCv)
  4 boggarts (D:15)
  The ghost of Steelgonads the Grasshopper, an amateur DsWr (D:5)
  14 centaurs
  2 kobold brigands (D:8)
  22 bullfrogs
  2 gnoll sergeants (D:9)
  6 earth elementals
  3 scorpions
  A water moccasin skeleton (D:3)
  3 lindwurm simulacra (IceCv)
  5 killer bees
  5 wights (D:7)
  A howler monkey (D:12)
  11 lava snakes
  A crimson imp (D:7)
  4 bullfrog skeletons
  4 jellies
  4 centaur zombies
  8 orc priests
  7 hell rats (Lair:5)
  12 iguanas
  34 orc wizards
  A killer bee zombie (D:6)
  2 howler monkey zombies
  6 adders
  13 gnolls
  A river rat (D:4)
  2 white imps
  2 ufetubi (D:6)
  3 worms
  A dart slug (D:3)
  100 orcs
  7 endoplasms
  8 giant cockroaches
  4 goblins
  6 hobgoblins
  20 kobolds
  6 quokkas
  8 ball pythons
  5 bats
  13 frilled lizards
  3 rats
  A spectral orc (D:9)
  2 briar patches (Swamp:3)
  A fungus (Lair:2)
1205 creatures vanquished.

Vanquished Creatures (collateral kills)
  An ice dragon (IceCv)
  A hydra (Swamp:1)
  A death knight (D:14)
  A naga sharpshooter (Snake:1)
  A skeletal warrior (D:14)
  2 deep elf zephyrmancers
  A cyclops (D:14)
  2 humans (D:14)
  A naga (Snake:1)
11 creatures vanquished.

Vanquished Creatures (others)
  2 two-headed ogres (D:12)
  A spectral spriggan (Swamp:2)
  A komodo dragon (Lair:6)
  3 bloated husks (Swamp:2)
  A slime creature (D:15)
  2 large abominations (Abyss:3)
  2 small abominations (Abyss:3)
  A chaos spawn (Abyss:3)
  A hell hound (Lair:6)
  A swamp drake (Swamp:4)
  A jelly (Abyss:3)
  An orc wizard (Orc:2)
  2 orcs
  3 demonic plants (Gauntlet)
  10 foxfires (Swamp:4)
  77 fungi
  3 lurking horrors (Abyss:3)
  65 plants
  10 withered plants (D:15)
187 creatures vanquished.

Grand Total: 1403 creatures vanquished
